 Dungeon Crawl Stone Soup version 0.30-a0-632-g346586fe48 (webtiles) character file.

Game seed: 6649452712600140193

324 Mitcholas the Shooter (level 6, -1/36 HPs)
             Began as a Deep Elf Hunter on Jan 13, 2023.
             Was an Initiate of Okawaru.
             Slain by an ogre
             ... wielding a +0 giant club
              (17 damage)
             ... on level 4 of the Dungeon.
             The game lasted 00:04:51 (2933 turns).

Mitcholas the Shooter (Deep Elf Hunter)             Turns: 2933, Time: 00:04:52

Health: -1/36      AC:  4    Str:  8    XL:     6   Next: 23%
Magic:  8/8        EV: 13    Int: 14    God:    Okawaru [......]
Gold:   305        SH:  0    Dex: 20    Spells: 5/5 levels left

rFire   . . .      SeeInvis .    a - +0 shortbow
rCold   . . .      Faith    .    (shield currently unavailable)
rNeg    . . .      Spirit   .    c - +0 leather armour
rPois   .          Reflect  .    (no helmet)
rElec   .          Harm     .    (no cloak)
rCorr   .          Rampage  .    e - +0 pair of gloves
Will    .....                    (no boots)
Stlth   +++                      (no amulet)
HPRegen 0.26/turn                (no ring)
MPRegen 0.11/turn                (no ring)

@: no status effects
A: no striking features
a: Renounce Religion


You were on level 4 of the Dungeon.
You worshipped Okawaru.
Okawaru was noncommittal.
You visited 2 branches of the dungeon, and saw 6 of its levels.

You collected 305 gold pieces.

Inventory:

Hand Weapons
 a - a +0 shortbow (weapon)
Armour
 c - a +0 leather armour (worn)
 e - a +0 pair of gloves (worn)
Jewellery
 k - a ring of see invisible
Wands
 p - a wand of mindburst (3)
Scrolls
 b - 2 scrolls of immolation
 d - 2 scrolls of teleportation {unknown}
 g - 5 scrolls of enchant weapon {unknown}
 h - 2 scrolls of acquirement {unknown}
 j - a scroll of butterflies {unknown}
 l - a scroll of vulnerability {unknown}
 r - a scroll of blinking {unknown}
 t - a scroll of fog {unknown}
Potions
 f - a potion of resistance {unknown}
 i - a potion of heal wounds {unknown}
 m - 2 potions of berserk rage {unknown}
 n - a potion of flight {unknown}
 o - 2 potions of curing
 q - a potion of magic {unknown}
 s - a potion of degeneration {unknown}
 u - a potion of cancellation {unknown}
 v - 2 potions of haste {unknown}
 w - a potion of brilliance {unknown}


   Skills:
 + Level 2.7 Fighting
 * Level 7.5 Ranged Weapons
 + Level 4.1 Dodging
 + Level 3.8 Stealth


You had 5 spell levels left.
You didn't know any spells.
Your spell library contained the following spells:

 Spells                   Type           Power      Damage    Failure   Level
 Inner Flame              Hex/Fire       0%         N/A       77%         3
 Cause Fear               Hex            0%         N/A       99%         4
 Flame Wave               Conj/Fire      0%         2d4       99%         4
 Sticky Flame             Conj/Fire      0%         2d3       99%         4
 Conjure Ball Lightning   Conj/Air       0%         3x3d6     100%        6
 Discord                  Hex            0%         N/A       100%        8
 Disjunction              Tloc           0%         N/A       100%        8


Dungeon Overview and Level Annotations

Branches:
Dungeon (5/15)             Temple (1/1) D:4

Altars:
Ashenzari
Cheibriados
Dithmenos
Elyvilon
Fedhas
Gozag
Hepliaklqana
Kikubaaqudgha
Nemelex Xobeh
Okawaru
Qazlal
Ru
Trog
Vehumet
Zin

Annotations:
D:3 1 runed translucent door, porpoise's ghost, weakling DsGl


Message History

You kneel at the altar of Okawaru.
Okawaru welcomes you!
There is a staircase back to the Dungeon here.
You climb upwards.
Welcome back to the Dungeon!
There is a staircase to the Ecumenical Temple here.
There is a stone staircase leading down here.
You climb downwards.
There is a stone staircase leading up here.
There is a stone staircase leading up here.
You climb upwards.
There is a stone staircase leading down here.
Aiming: Mindburst
Press: ? - help, Shift-Dir - straight line, f - ogre
Aim: an ogre, wielding a +0 giant club (asleep, chance to affect: 64%)
The ogre shouts!
The ogre's mind is blasted!
The hobgoblin shouts!
Aiming: Mindburst
Press: ? - help, Shift-Dir - straight line, f/p - ogre
Aim: an ogre, wielding a +0 giant club (moderately wounded, chance to affect: 64%)
The ogre struggles to resist.
Aiming: Mindburst
Press: ? - help, Shift-Dir - straight line, f/p - ogre
Aim: an ogre, wielding a +0 giant club (moderately wounded, chance to affect: 64%)
The ogre struggles to resist.
Aiming: Mindburst
Press: ? - help, Shift-Dir - straight line, f/p - ogre
Aim: an ogre, wielding a +0 giant club (moderately wounded, chance to affect: 64%)
The ogre's mind is blasted!
The ogre hits you with a +0 giant club!!
Ouch! That really hurt!
Aiming: Mindburst
Press: ? - help, Shift-Dir - straight line, f/p - ogre
Aim: an ogre, wielding a +0 giant club (severely wounded, chance to affect: 64%)
The ogre struggles to resist.
The hobgoblin barely misses you.
Aiming: Mindburst
Press: ? - help, Shift-Dir - straight line, f/p - ogre
Aim: an ogre, wielding a +0 giant club (severely wounded, chance to affect: 64%)
The ogre struggles to resist.
The ogre hits you with a +0 giant club!
You die...

#....... . #....# #
#.#.#... #. #....# #.#
#.#.####
#.###....###.###.#.....
#......................
#......................
#......................
#....O.................
#....g@................
.......................[
##......................
........................
##......................
#......................
#......................
#......................
.......<......


You could see an ogre and a hobgoblin.

Vanquished Creatures
  A howler monkey (D:5)
  A jelly (D:4)
  An orc priest (D:4)
  A hound (D:5)
  An iguana (D:5)
  An orc wizard (D:5)
  8 adders
  2 worms
  8 orcs
  6 endoplasms
  A giant cockroach (D:1)
  9 goblins
  6 hobgoblins
  3 quokkas
  2 ball pythons
  4 bats
  3 frilled lizards
  4 kobolds
  3 rats
65 creatures vanquished.

Vanquished Creatures (others)
  2 withered plants (D:3)
2 creatures vanquished.

Grand Total: 67 creatures vanquished

Notes
Turn   | Place    | Note
-------+----------+-------------------------------------------
     0 | D:1      | Mitcholas the Deep Elf Hunter began the quest for the Orb.
     0 | D:1      | Reached XP level 1. HP: 12/12 MP: 3/3
   148 | D:1      | Reached XP level 2. HP: 17/17 MP: 4/4
   785 | D:2      | Reached XP level 3. HP: 13/21 MP: 5/5
   793 | D:2      | Reached skill level 6 in Ranged Weapons
   824 | D:2      | Found a radiant altar of Vehumet.
  1185 | D:2      | Reached XP level 4. HP: 26/26 MP: 6/6
  1760 | D:3      | Found a runed translucent door.
  1760 | D:3      | Noticed porpoise's ghost (weakling DsGl)
  2156 | D:4      | Reached XP level 5. HP: 31/31 MP: 7/7
  2274 | D:4      | Reached skill level 7 in Ranged Weapons
  2364 | D:4      | Identified the +9 rapier "Leviticus" {drain, *Slow rElec
                  | rN+}
  2470 | D:4      | Found a staircase to the Ecumenical Temple.
  2524 | D:5      | Entered Level 5 of the Dungeon
  2649 | D:5      | Reached XP level 6. HP: 36/36 MP: 8/8
  2743 | D:5      | Found an opulent altar of Gozag.
  2817 | Temple   | Entered the Ecumenical Temple
  2900 | Temple   | Became a worshipper of Warmaster Okawaru
  2933 | D:4      | Slain by an ogre

Illustrated notes

Levels and vault maps discovered:
D:1:      scummos_arrival_gate, layout_loops_ring, corner_web_ring
D:2:      layout_loops_ring, basic_altar
D:3:      layout_loops_ring, gammafunk_ghost_grave, palyth_stone_intersect,
          minmay_hedge_maze
D:4:      layout_basic, minmay_temple_entry_from_below_b
D:5:      layout_cave_pools, nicolae_overflow_hidden_temple,
          nicolae_overflow_two_pavilions, amcnicky_altar_gilded
Temple:   nicolae_temple_great_sept

Skill      XL: |  1  2  3  4  5 |
---------------+----------------+-----
Stealth        | 2 3 |  3.8
Dodging        | 3 4 |  4.1
Ranged Weapons | 6 7 |  7.5
Fighting       | 2 |  2.7

Action                   |  1- 3 |  4- 6 || total
-------------------------+-------+-------++-------
Melee: Shortbow          |       |     1 ||     1
 Fire: Shortbow          |    77 |   112 ||   189
Evoke: Wand              |       |     6 ||     6
Armor: Leather armour    |    11 |     7 ||    18
Dodge: Dodged            |    25 |    41 ||    66

Table legend: (Time is in decaauts)
 A = Elapsed time spent in this place.
 B = Non-inter-level travel time spent in this place.
 C = Inter-level travel time spent in this place.
 D = Time resting spent in this place.
 E = Time spent auto-exploring this place.
 F = Levels seen in this place.
 G = Mean time per level.
                   A        B        C        D        E       F      G
               +--------+--------+--------+--------+--------+-----+--------+
         Total |   2978 |   2862 |    116 |     95 |   2313 |   6 |  496.3 |
       Dungeon |   2882 |   2777 |    105 |     95 |   2250 |   5 |  576.4 |
        Temple |     95 |     84 |     11 |      0 |     63 |   1 |   95.0 |
               +--------+--------+--------+--------+--------+-----+--------+

Top non-repeatable levels by time:
     D:3: 807 daAuts
     D:2: 714 daAuts
     D:1: 657 daAuts
     D:4: 405 daAuts
     D:5: 297 daAuts
  Temple: 95 daAuts
